 Dungeon Crawl Stone Soup version 0.23-a0-404-g0063841 (webtiles) character file.

210 Azzok the Firebug (level 5, -3/35 HPs)
             Began as a Demonspawn Fire Elementalist on Nov 5, 2018.
             Killed from afar by Blork the orc (6 damage)
             ... with a magic dart
             ... on level 4 of the Dungeon.
             The game lasted 00:07:11 (4139 turns).

Azzok the Firebug (Demonspawn Fire Elementalist)    Turns: 4139, Time: 00:07:12

Health: -3/35      AC:  4    Str:  8    XL:     5   Next: 57%
Magic:  0/9        EV: 12    Int: 17    God:
Gold:   178        SH:  0    Dex: 14    Spells: 1/9 levels left

rFire    . . .     SeeInvis .   i - +2 dagger (venom)
rCold    . . .     Gourm    .   (no shield)
rNeg     . . .     Faith    .   a - +0 robe
rPois    .         Spirit   +   (helmet restricted)
rElec    .         Reflect  .   h - scarf {repulsion}
rCorr    .         Harm     .   (no gloves)
MR       .....                  (no boots)
Stlth    ++........             k - amulet of the acrobat
HPRegen  0.11/turn              o - ring of wizardry
MPRegen  0.11/turn              (no ring)

@: repel missiles
A: antennae 2, molten scales 1, magic shield
a: no special abilities


You were on level 4 of the Dungeon.
You were hungry.

You visited 1 branch of the dungeon, and saw 4 of its levels.

You collected 178 gold pieces.

Inventory:

Hand Weapons
 i - a +2 dagger of venom (weapon)
 m - a +2 dagger of flaming
Armour
 a - a +0 robe (worn)
 h - a scarf of repulsion (worn)
Jewellery
 k - an amulet of the acrobat (around neck)
 o - a ring of wizardry (left hand)
Scrolls
 d - a scroll of identify {unknown}
 f - 3 scrolls of amnesia {unknown}
 g - 2 scrolls of teleportation {unknown}
 j - 4 scrolls of enchant weapon {unknown}
 n - 2 scrolls of blinking {unknown}
Potions
 b - 2 potions of curing {unknown}
 e - a potion of lignification {unknown}
 l - a potion of degeneration {unknown}
 p - a potion of cancellation {unknown}
 q - a potion of agility {unknown}
Comestibles
 c - 3 rations


   Skills:
 - Level 1.7 Dodging
 - Level 1.7 Stealth
 + Level 2.8 Spellcasting
 + Level 3.5 Conjurations
 + Level 4.2 Fire Magic


You had one spell level left.
You knew the following spells:

 Your Spells              Type           Power        Failure   Level  Hunger
a - Flame Tongue          Conj/Fire      ###..        1%          1    #......
b - Conjure Flame         Conj/Fire      ###.....     4%          3    ###....
c - Sticky Flame          Conj/Fire      ###.....     14%         4    #####..

Your spell library contained the following spells:

 Spells                   Type           Power        Failure   Level  Hunger
 Throw Flame              Conj/Fire      ###...       2%          2    ##.....
 Inner Flame              Hex/Fire       #.......     9%          3    ###....
 Fireball                 Conj/Fire      ###.......   36%         5    ######.


Dungeon Overview and Level Annotations

Branches:
Dungeon (4/15)
 Temple: D:4-7

Altars:

Annotations:
D:4 Blork the orc


Innate Abilities, Weirdness & Mutations

You have a pair of antennae on your head.
You are partially covered in molten scales. (AC +2)
When hurt, damage is shared between your health and your magic reserves.


Message History

You hit Blork the orc.
Blork the orc is almost dead.
Blork the orc closely misses you.
Blork the orc hits you with a +0 short sword.
You hit Blork the orc but do no damage.
Blork the orc is almost dead.
Blork the orc casts a spell at you. The magic dart hits you!
* * * LOW MAGIC WARNING * * *;
* * * LOW HITPOINT WARNING * * *
Casting: Flame Tongue (safe; 1% risk of failure)
Confirm with . or Enter, or press ? or * to list all spells.
You don't have enough magic to cast that spell.
You are feeling hungry.
Blork the orc completely misses you.
There is a stone staircase leading up here.
You hit Blork the orc but do no damage.
Blork the orc is poisoned.
Blork the orc is almost dead.
Blork the orc casts a spell at you. The magic dart hits you!
You die...

▒▒▒▒▒·····▒▒▒▒ ▒···· ▒·
▒▒·········▒··▒▒▒▒··▒
▒··▒▒····▒·········▒▒▒···
▒········▒▒▒······▒·▒··▒· ·≈≈≈·≈≈
▒·········▒▒······▒···▒▒· ≈≈≈·≈≈▒
······▒···············▒▒·
≈≈·≈≈▒▒·······▒·····)·········▒▒·
≈·≈≈▒▒··········o·······▒▒····▒▒·
·§≈▒▒···▒▒····?·@·······▒▒·····▒·
≈≈▒▒···· ▒··▒················▒···
≈▒▒<··▒ ▒··▒▒▒▒·▒···············
▒▒···▒▒ ·· ▒▒ ▒··········PPPPPPP
······▒▒▒ ··▒· ···········P·····P
▒······▒▒▒··· ············PPP·P·P
···········▒ ▒·····▒·· P···P··
··········▒▒ ·····>·▒▒·


P·P·PPP ···········▒ ·······▒ P···P You could see Blork the orc.

Vanquished Creatures
  An orc priest (D:4)
  An orc wizard (D:4)
  A hound skeleton (D:4)
  A howler monkey skeleton (D:4)
  5 adders
  An adder skeleton (D:4)
  3 worms
  3 dart slugs
  3 leopard geckos
  3 orcs
  6 bats
  5 giant cockroaches
  13 goblins
  5 hobgoblins
  A quokka (D:4)
  2 ball pythons
  4 frilled lizards
  5 kobolds
  A leopard gecko skeleton (D:3)
  5 rats
69 creatures vanquished.

Notes
Turn   | Place    | Note
-------+----------+-------------------------------------------
     0 | D:1      | Azzok the Demonspawn Fire Elementalist began the quest for
                  | the Orb.
     0 | D:1      | Reached XP level 1. HP: 13/13 MP: 3/3
   504 | D:1      | Reached skill level 3 in Fire Magic
   533 | D:1      | Gained mutation: You have a pair of small antennae on your
                  | head. [demonic ancestry]
   533 | D:1      | Reached XP level 2. HP: 12/19 MP: 0/5
  1306 | D:2      | Gained mutation: You have a pair of antennae on your head.
                  | [demonic ancestry]
  1306 | D:2      | Reached XP level 3. HP: 18/24 MP: 1/6
  1311 | D:2      | Learned a level 3 spell: Conjure Flame
  2209 | D:3      | Gained mutation: When hurt, damage is shared between your
                  | health and your magic reserves. [demonic ancestry]
  2209 | D:3      | Reached XP level 4. HP: 24/30 MP: 2/7
  3826 | D:4      | Reached skill level 4 in Fire Magic
  3826 | D:4      | Gained mutation: You are partially covered in molten
                  | scales. (AC +2) [demonic ancestry]
  3826 | D:4      | Reached XP level 5. HP: 35/35 MP: 3/8
  4056 | D:4      | Noticed Blork the orc
  4122 | D:3      | Learned a level 4 spell: Sticky Flame
  4139 | D:4      | Killed from afar by Blork the orc

Vault maps used:
D:1:      lemuel_arrival_broad_hall
D:2:      serial_forest, infiniplex_forest_end_3,
          infiniplex_forest_clump_double, infiniplex_forest_lined_corner,
          infiniplex_forest_lined_2, infiniplex_forest_pool,
          infiniplex_forest_lined_corner
D:4:      first_ration, kennysheep_diamond, minmay_hedge_maze,
          uniq_blork_the_orc

Skill      XL: |  1  2  3  4 |
---------------+-------------+-----
Fire Magic     | 3 4 |  4.2
Conjurations   | 2 3 |  3.5
Dodging        | |  1.7
Stealth        | |  1.7
Spellcasting   | |  2.8

Action                   |  1- 3 |  4- 6 || total
-------------------------+-------+-------++-------
Melee: Unarmed           |    19 |       ||    19
       Dagger            |    36 |    28 ||    64
 Cast: Flame Tongue      |    70 |    63 ||   133
       Sticky Flame      |       |     1 ||     1
 Stab: Sleeping          |     1 |       ||     1
  Eat: Chunk             |     5 |     3 ||     8
       Ration            |       |     1 ||     1
Armor: Robe              |    17 |     8 ||    25
Dodge: Dodged            |    48 |    37 ||    85
       Deflected         |     2 |       ||     2

Table legend:
 A = Non-vault XP
 B = Vault XP
 C = Vault XP percentage of total XP
 D = Non-vault monster count
 E = Vault monster count
 F = Vault count percentage of total count
                 A         B        C        D         E       F
            +---------+---------+-------+---------+---------+-------
      Total |     301 |       0 |   0.0 |      69 |       0 |   0.0
            +---------+---------+-------+---------+---------+-------
        D:1 |      32 |       0 |   0.0 |      17 |       0 |   0.0
        D:2 |      62 |       0 |   0.0 |      21 |       0 |   0.0
        D:3 |      66 |       0 |   0.0 |      21 |       0 |   0.0
        D:4 |     141 |       0 |   0.0 |      10 |       0 |   0.0
            +---------+---------+-------+---------+---------+-------
